 Dungeon Crawl Stone Soup version 0.30.0-17-ge0270778cf (webtiles) character file.

Game seed: 11669148190302621343

68 Cheops the Digger (level 4, -7/35 HPs)
             Began as an Armataur Earth Elementalist on May 22, 2023.
             Killed by divine providence
             ... invoked by an orc priest
              (13 damage)
             ... on level 3 of the Dungeon.
             The game lasted 00:04:35 (1809 turns).

Cheops the Digger (Armataur Earth Elementalist)     Turns: 1809, Time: 00:04:35

Health: -7/35      AC:  4    Str: 14    XL:     4   Next: 1%
Magic:  4/6        EV:  9    Int: 17    God:
Gold:   144        SH:  0    Dex: 10    Spells: 3/6 levels left

rFire   . . .        a - +2 dagger (venom)
rCold   . . .        (no shield)
rNeg    . . .        c - +0 robe
rPois   .            (no helmet)
rElec   .            (no cloak)
rCorr   .            (no gloves)
SInv    .            (no barding)
Will    .....        (no amulet)
Stlth   ++           i - ring of wizardry
HPRegen 0.25/turn    (no ring)
MPRegen 0.10/turn

%: roll, wizardry (x1)
@: no status effects
A: large, rugged brown scales 3, deformed body, armoured tail, roll, long
tongue, awkward tongue
a: no special abilities


You were on level 3 of the Dungeon.
You visited 1 branch of the dungeon, and saw 3 of its levels.

You collected 144 gold pieces.

Inventory:

Hand Weapons
 a - a +2 dagger of venom (weapon)
 m - a +0 dagger
Armour
 c - a +0 robe (worn)
Magical Staves
 o - a staff of conjuration
 t - a staff of cold
Jewellery
 i - a ring of wizardry (left hand)
Scrolls
 d - a scroll of poison {unknown}
 f - 4 scrolls of identify {unknown}
 g - a scroll of noise {unknown}
 k - a scroll of fear {unknown}
 n - a scroll of magic mapping {unknown}
 r - a scroll of blinking {unknown}
Potions
 b - a potion of magic
 e - a potion of heal wounds {unknown}
 h - a potion of brilliance {unknown}
 j - 3 potions of lignification {unknown}
 l - a potion of invisibility {unknown}
 p - 2 potions of curing {unknown}
 q - a potion of degeneration {unknown}
 s - a potion of haste {unknown}


   Skills:
 * Level 2.1 Short Blades
 - Level 1.3 Dodging
 + Level 2.6 Stealth
 - Level 1.7 Spellcasting
 - Level 2.0 Transmutations
 - Level 3.0 Earth Magic


You had 3 spell levels left.
You knew the following spells:

 Your Spells              Type           Power      Damage    Failure   Level
a - Sandblast             Erth           22%        2d7       2%          1
p - Passwall              Tmut/Erth      7%         N/A       4%          2

Your spell library contained the following spells:

 Spells                   Type           Power      Damage    Failure   Level
 Stone Arrow              Conj/Erth      12%        3d7       13%         3
 Ozocubu's Armour         Ice            1%         N/A       24%         3
 Petrify                  Tmut/Erth      9%         N/A       26%         4
 Ozocubu's Refrigeration  Ice            0%         4d7       100%        7


Dungeon Overview and Level Annotations

Branches:
Dungeon (3/15)

Altars:


Innate Abilities, Weirdness & Mutations

You are completely covered in rugged brown scales. (AC +3, +7% HP)
Armour fits poorly on your strangely shaped body.
You have a long armoured tail.
You roll when moving toward enemies. (Rampage)
Your long tongue fully drains potion bottles. (2x potion effects)
Your tongue gives you trouble enunciating. (1.5x scroll delay)


Message History

Casting: Sandblast (safe; 2% risk of failure)
Confirm with . or Enter, or press ? or * to list all spells.
Aiming: Sandblast (safe; 2% risk of failure)
Press: ? - help, Shift-Dir - straight line, f - orc
Aim: an orc, wielding a +1 flail of protection (82% to hit)
The blast of sand hits the orc but does no damage.
Casting: Sandblast (safe; 2% risk of failure)
Confirm with . or Enter, or press ? or * to list all spells.
Aiming: Sandblast (safe; 2% risk of failure)
Press: ? - help, Shift-Dir - straight line, f/p - orc
Aim: an orc, wielding a +1 flail of protection (82% to hit)
The blast of sand hits the orc but does no damage.
The orc barely misses you.
You hit the orc.
The orc is poisoned.
The orc is heavily wounded.
The orc hits you with a +1 flail of protection.
You barely miss the orc.
The orc is severely wounded.
The orc priest shouts!
You kill the orc!
You hit the hobgoblin.
The hobgoblin is poisoned.
The hobgoblin is heavily wounded.
The hobgoblin hits you.
You hit the hobgoblin but do no damage.
The hobgoblin looks even sicker.
The hobgoblin is heavily wounded.
You kill the hobgoblin!
The orc priest calls down the wrath of Beogh upon you.
Pain shoots through your body!
* * * LOW HITPOINT WARNING * * *
You have reached level 4!
You feel stronger.
Casting: Sandblast (safe; 2% risk of failure)
Confirm with . or Enter, or press ? or * to list all spells.
You can't see any susceptible monsters within range! (Use Z to cast anyway.) Unknown command.
The orc priest mumbles some strange prayers to Beogh against you.
Beogh smites you!
* * * LOW HITPOINT WARNING * * *
The orc priest calls down the wrath of Beogh upon you.
Beogh smites you!
You die...

##.####.#.#.#...##### #......o..#
#.#.###.#.# #.#####.#.#
#.........# #######.### #########
#.# #.......########.# ##### ###
#.#####.......##@# ##...## ##.##
#.# #..####.##.###รท.#>.###.#.##
#.#####..........^...###.<..###.#
#.#.......###......#..#..###.#.##
#.#.###..## #.#...###...## ##.##
#>...##..## #.##.## ##### #.#
#..#......###.##.# #.#
#.............##.# #.#
########.#######+## #.#


You could see an orc priest.

Vanquished Creatures
  3 adders
  A dart slug (D:2)
  2 orcs (D:3)
  4 ball pythons
  5 bats
  5 endoplasms
  2 goblins (D:1)
  2 hobgoblins
  A quokka (D:2)
  A frilled lizard (D:2)
  4 kobolds (D:1)
  7 rats
37 creatures vanquished.

Notes
Turn   | Place    | Note
-------+----------+-------------------------------------------
     0 | D:1      | Cheops the Armataur Earth Elementalist began the quest for
                  | the Orb.
     0 | D:1      | Reached XP level 1. HP: 14/14 MP: 3/3
    13 | D:1      | Reached skill level 1 in Transmutations
   167 | D:1      | Reached XP level 2. HP: 16/21 MP: 2/4
   443 | D:1      | Reached skill level 3 in Earth Magic
   457 | D:1      | Learned a level 2 spell: Passwall
   580 | D:1      | Found a faded altar of an unknown god.
   793 | D:2      | Reached skill level 1 in Short Blades
   844 | D:2      | Reached XP level 3. HP: 27/27 MP: 5/5
  1797 | D:3      | Reached XP level 4. HP: 16/35 MP: 3/6
  1809 | D:3      | Killed from afar by an orc priest

Illustrated notes

Levels and vault maps discovered:
D:1:      matt_arrival_grand_opening, layout_rooms,
          shapermc_ecumenical_altar_mp_vishouse
D:2:      layout_loops_corners
D:3:      layout_loops_corners, ebering_ghost_disaster_area

Skill      XL: |  1  2  3 |
---------------+----------+-----
Transmutations | 1 2 |  2.0
Earth Magic    | 3 |  3.0
Short Blades   | 1 2 |  2.1
Dodging        | |  1.3
Stealth        | |  2.6
Spellcasting   | |  1.7

Action                     |  1- 3 |  4- 6 || total
---------------------------+-------+-------++-------
  Melee: Dagger            |    87 |       ||    87
         Tailslap          |    10 |       ||    10
         Punch             |     1 |       ||     1
   Cast: Sandblast         |    16 |       ||    16
         Passwall          |     1 |       ||     1
   Stab: Sleeping          |     8 |       ||     8
 Armour: Robe              |    41 |       ||    41
  Dodge: Dodged            |    38 |       ||    38
